 Dungeon Crawl Stone Soup version 0.31.0-11-ge490571c62 (webtiles) character file.

Game seed: 18178905122438261661

36 qw the Shooter (level 3, 0/18 HPs)
             Began as a Spriggan Hunter on Feb 4, 2024.
             Succumbed to their own poison gas
             ... on level 2 of the Dungeon.
             The game lasted 00:00:05 (1286 turns).

qw the Shooter (Spriggan Hunter)                    Turns: 1286, Time: 00:00:06

Health: 0/18       AC:  4    Str:  7    XL:     3   Next: 19%
Magic:  4/4        EV: 20    Int: 10    God:
Gold:   605        SH:  0    Dex: 26    Spells: 2/2 levels left

rFire   . . .        a - +0 shortbow
rCold   . . .        (shield currently unavailable)
rNeg    . . .        c - +0 robe
rPois   .            (helmet restricted)
rElec   .            j - +1 cloak
rCorr   .            (gloves unavailable)
SInv    +            (boots unavailable)
Will    .....        (no amulet)
Stlth   ++           f - +6 ring of dexterity
HPRegen 0.23/turn    (no ring)
MPRegen 0.09/turn

%: no passive effects
@: lethally poisoned (0 -> -3), very quick
A: very small, no large weapons, unfitting armour, see invisible, speed 3
a: no special abilities


You were on level 2 of the Dungeon.
You visited 1 branch of the dungeon, and saw 2 of its levels.

You collected 605 gold pieces.


Innate Abilities, Weirdness & Mutations

You are very small and have problems with some larger weapons.
You are too small for most types of armour.
You have supernaturally acute eyesight. (SInv)
You cover ground extremely quickly. (Speed+++)


   Skills:
 - Level 1.5 Fighting
 - Level 4.4 Ranged Weapons
 + Level 4.2 Dodging
 - Level 1.5 Stealth


You had 2 spell levels left.
You didn't know any spells.
Your spell library was empty.

Inventory:

Hand Weapons
 a - a +0 shortbow (weapon)
Armour
 c - a +0 robe (worn)
 j - a +1 cloak (worn)
Jewellery
 f - a +6 ring of dexterity (left hand)
 h - a ring of ice
Scrolls
 d - 3 scrolls of teleportation
Potions
 e - 3 potions of might
 i - a potion of enlightenment {unknown}
 k - a potion of cancellation

Dungeon Overview and Level Annotations

Branches:
Dungeon (2/15)

Altars:


Message History

As you read the scroll labelled MEOVUTUKEE, it crumbles to dust.
It was a scroll of poison.
Done exploring.
What level of the Dungeon? (default 1, ? - help) Sorry, I don't know how to get there.
Enter note:
Enter note:
Enter note:
Enter note:
Enter note:
Enter note:
Enter note:
Enter note:
Enter note: You are engulfed in poison gas.
You are lethally poisoned!
You feel very sick.
1276 ||| Stepping ~*~*~tactically~*~*~ (cloud).
You feel sick.
1277 ||| DRINKING potion of curing.
You feel better.
1277 ||| (to cure poison)
You are engulfed in poison gas.
You are lethally poisoned!
You feel very sick.
1279 ||| Stepping ~*~*~tactically~*~*~ (cloud).
You feel sick.
There is a lethal amount of poison in your body!
You feel very sick.
There is a lethal amount of poison in your body!
You feel very sick.
There is a lethal amount of poison in your body!
You feel sick.
There is a lethal amount of poison in your body!
You feel sick.
There is a lethal amount of poison in your body!
You feel sick.
There is a lethal amount of poison in your body!
You feel sick.
There is a lethal amount of poison in your body!
You die...

..........# #.# #.# ##.
#############.####### #.### #.
### #.......0.¤..#####.#%## #.
..######.####.##¤0....[......###.
#.............##0##.#####........
#####.##########0##...........>##
# #.# #¤########.....##
#####.##########¤# ##...##
.........00¤¤¤0¤@# ##.##
####.############# ### ####.#
.....# ######


There were no monsters in sight!

Vanquished Creatures
  A dart slug (D:2)
  A ball python (D:1)
  A bat (D:1)
  3 endoplasms
  2 giant cockroaches (D:1)
  3 goblins (D:1)
  7 hobgoblins (D:1)
  7 kobolds
  A quokka (D:1)
  A frilled lizard (D:1)
  2 rats
  A spectral kobold (D:1)
30 creatures vanquished.

Notes
Turn   | Place    | Note
-------+----------+-------------------------------------------
     0 | D:1      | qw the Spriggan Hunter began the quest for the Orb.
     0 | D:1      | Reached XP level 1. HP: 10/10 MP: 2/2
     0 | D:1      | 0 ||| qw: Version: 0.3-a-160-g6735b56
     0 | D:1      | 0 ||| qw: Game counter: 5524
     0 | D:1      | 0 ||| qw: Melee chars always use a shield: true
     0 | D:1      | 0 ||| qw: God list: Okawaru
     0 | D:1      | 0 ||| qw: Allow faded altars: false
     0 | D:1      | 0 ||| qw: Do Orc after clearing Dungeon:15 true
     0 | D:1      | 0 ||| qw: Do second Lair branch before Depths: true
     0 | D:1      | 0 ||| qw: Lair rune preference: random
     0 | D:1      | 0 ||| qw: Goals: Normal
     0 | D:1      | 0 ||| PLANNING D:1-11
    20 | D:1      | Reached skill level 3 in Dodging
    46 | D:1      | Reached XP level 2. HP: 14/14 MP: 3/3
   206 | D:1      | You fall into a shaft and drop 1 floor!
   441 | D:2      | 441 ||| DROPPING scarf of invisibility.
   442 | D:2      | 442 ||| UPGRADING to +0 cloak.
   447 | D:2      | 447 ||| READING 3 scrolls labelled XOBLAVEBI.
   451 | D:2      | 451 ||| READING 4 scrolls labelled QORCHA ZIKEN.
   451 | D:2      | 451 ||| IDENTIFYING blue potion
   452 | D:2      | 452 ||| READING 3 scrolls of identify.
   452 | D:2      | 452 ||| IDENTIFYING sedimented inky potion
   453 | D:2      | 453 ||| READING 2 scrolls of identify.
   453 | D:2      | 453 ||| IDENTIFYING 3 bubbling puce potions
   454 | D:2      | 454 ||| READING scroll of identify.
   454 | D:2      | 454 ||| IDENTIFYING scroll labelled VACVEO FOUMA
   454 | D:2      | Identified a scroll of acquirement
   455 | D:2      | 455 ||| READING scroll of acquirement.
   455 | D:2      | 455 ||| ACQUIRING 509 gold pieces
   455 | D:2      | Acquired 509 gold pieces
   457 | D:2      | 457 ||| READING scroll labelled GOSTRI YPAMI.
   458 | D:2      | 458 ||| DROPPING scroll of butterflies.
   459 | D:2      | 459 ||| DROPPING potion of degeneration.
   494 | D:1      | Found a faded altar of an unknown god.
   572 | D:1      | Reached XP level 3. HP: 18/18 MP: 4/4
   940 | D:1      | 940 ||| UPGRADING to +6 ring of dexterity.
   941 | D:1      | 941 ||| READING scroll of identify.
   941 | D:1      | 941 ||| IDENTIFYING glowing red potion
   942 | D:1      | 942 ||| READING scroll labelled ALAXTE XYXU.
   942 | D:1      | 942 ||| ENCHANTING +0 cloak.
  1274 | D:2      | 1274 ||| READING scroll labelled MEOVUTUKEE.
  1276 | D:2      | 1276 ||| Stepping ~*~*~tactically~*~*~ (cloud).
  1277 | D:2      | 1277 ||| DRINKING potion of curing.
  1277 | D:2      | 1277 ||| (to cure poison)
  1279 | D:2      | 1279 ||| Stepping ~*~*~tactically~*~*~ (cloud).
  1282 | D:2      | HP: 3/18 [poisoned by you (poison gas)]
  1285 | D:2      | HP: 1/18 [poisoned by you (poison gas)]
  1286 | D:2      | Succumbed to their own poison gas

Levels and vault maps discovered:
D:1:      minmay_arrival_four_circles, layout_basic,
          dreamdust_ecumenical_altar_drowned_temple, serial_park_tiny_2,
          kennysheep_boxes
D:2:      layout_loops_ring, serial_bayou_lagoon_a

Skill      XL: |  1  2 |
---------------+-------+-----
Dodging        | 3 4 |  4.2
Fighting       | |  1.5
Ranged Weapons | |  4.4
Stealth        | |  1.5

Action                     || total
---------------------------++-------
   Fire: Shortbow          ||    77
    Use: Scroll            ||    10
         Potion            ||     1
 Armour: Robe              ||     3
  Dodge: Dodged            ||    24

Table legend:
 A = Non-vault XP
 B = Vault XP
 C = Vault XP percentage of total XP
 D = Non-vault monster count
 E = Vault monster count
 F = Vault count percentage of total count
                 A         B        C        D         E       F
            +---------+---------+-------+---------+---------+-------
      Total |      51 |       1 |   1.9 |      29 |       1 |   3.3
            +---------+---------+-------+---------+---------+-------
        D:1 |      40 |       1 |   2.4 |      23 |       1 |   4.2
        D:2 |      11 |       0 |   0.0 |       6 |       0 |   0.0
            +---------+---------+-------+---------+---------+-------
